[Event "*** Titled Tuesday Blitz"]
[Site "Chess.com"]
[Date "2020.05.05"]
[Round "5"]
[White "serhanberat_ozdemir"]
[Black "Sosat98"]
[Result "1-0"]
[WhiteElo "2493"]
[BlackElo "2668"]
[TimeControl "180+1"]
[EndTime "10:57:08 PDT"]
[Termination "serhanberat_ozdemir won by resignation"]

1. e4 e5 2. Nf3 Nc6 3. d4 exd4 4. Bc4 Bc5 5. c3 dxc3 6. Bxf7+ Kxf7 7. Qd5+ Kf8 8.
Qxc5+ d6 9. Qe3 Qf6 10. Nxc3 Nge7 11. O-O Bg4 12. Nd2 Re8 13. h3 Be6 14. f4 Qd4 15. Nf3 Qxe3+ 16. Bxe3 Bc4 17. Rfe1 g6 18. Rad1 Kg7 19. Kf2 Rhf8 20. b3 Bg8 21. g4 h6 22. Kg3 b6 23. Nd4 Nxd4 24. Bxd4+ Kh7 25. Nb5 Rc8 26. Bb2 a6 27. Na3 Rce8 28. Nc2 d5 29. e5 c5 30. b4 d4 31. bxc5 bxc5 32.
Ba3 Rc8 33. e6 Rfd8 34. Nxd4 Rxd4 35. Rxd4 cxd4 36. Bxe7 Rc3+ 37. Kf2 Rc2+ 38. Kf3 Rc3+ 39. Ke4 Bxe6 40. Kxd4 Rc4+ 41. Ke5 Bg8 42. Rd1 Ra4 43. Rd7 Ra5+ 44. Kf6 Bxa2 45. Bb4+ 1-0

[Event "*** Titled Tuesday Blitz"]
[Site "Chess.com"]
[Date "2020.05.05"]
[Round "5"]
[White "Pultis"]
[Black "bazar-wokzal"]
[Result "0-1"]
[WhiteElo "2783"]
[BlackElo "2541"]
[TimeControl "180+1"]
[EndTime "10:57:08 PDT"]
[Termination "bazar-wokzal won by resignation"]

1. b3 e5 2. Bb2 Nc6 3. e3 d5 4. Bb5 Bd6 5. f4 Qe7 6. Nf3 Bg4 7. O-O Bxf3 8. Qxf3 Nf6 9. fxe5 Bxe5 10. Nc3 O-O 11.
Rae1 Bxc3 12. Bxc3 Ne4 13. Bd3 Nxc3 14. dxc3 Rad8 15.
Kh1 Ne5 16. Qf4 Rd6 17. Qd4 b6 18. Rf5 f6 19. e4 Nxd3 20. Qxd3 dxe4 21. Qc4+ Qe6 22.
Qxc7 Rd2 23. Rf4 e3 24. h3 Rxc2 25. Rf3 e2 26. Qg3 Re8 27. Rd3 Rxa2 28. c4 a5 29. Rd6 Qe5 30. Qxe5 Rxe5 31. Rxb6 Rb2 32. Kg1 a4 33. b4 a3 34. Ra6 a2 35. g4 h5 36. b5 hxg4 37. hxg4 Re4 38. Kf2 Rf4+ 39.
Ke3 Rf1 40. Ra8+ Kf7 41. Ra7+ Ke6 42. Ra6+ Ke5 0-1

[Event "*** Titled Tuesday Blitz"]
[Site "Chess.com"]
[Date "2020.05.05"]
[Round "5"]
[White "wild_cat99"]
[Black "ChessBitl"]
[Result "1-0"]
[WhiteElo "2572"]
[BlackElo "2304"]
[TimeControl "180+1"]
[EndTime "10:57:08 PDT"]
[Termination "wild_cat99 won on time"]

1. Nf3 c5 2. e4 Nc6 3. d4 cxd4 4. Nxd4 g6 5. c4 Nf6 6. Nc3 d6 7. f3 Qb6 8. Nc2 Bg7 9. Rb1 O-O 10. Be3 Qa5 11.
Qd2 Be6 12. Be2 Nh5 13. O-O Ne5 14. Na3 Rfc8 15. Bd4 Nxc4 16. Nxc4 Bxc4 17. Bxg7 Nxg7 18. Kh1 Bxe2 19. Qxe2 Ne6 20. f4 Rf8 21. Nd5 Qd8 22.
f5 Nc5 23. f6 exf6 24. Nxf6+ Kg7 25. Qg4 Qe7 26. Qh4 Rh8 27. Qg5 h6 28. Nh5+ Kf8 29. Qxg6 Ke8 30. Ng7+ Kf8 31. Rf4 Rg8 32. Qxh6 Rxg7 33.
Rg4 Qe5 34. Qh8+ Ke7 35. Qxg7 Qxg7 36. Rxg7 Nxe4 37. Rf1 Rf8 38. h4 d5 39. h5 Ke6 40. h6 Rh8 41. h7 f5 42. Rf3 Nf6 43. Rh3 Ng4 44. Rg8 Nf2+ 45. Kh2 1-0

[Event "*** Titled Tuesday Blitz"]
[Site "Chess.com"]
[Date "2020.05.05"]
[Round "5"]
[White "Azatic"]
[Black "2nd_life"]
[Result "1-0"]
[WhiteElo "2625"]
[BlackElo "2420"]
[TimeControl "180+1"]
[EndTime "10:57:08 PDT"]
[Termination "Azatic won by resignation"]

1. e4 d5 2. exd5 Qxd5 3. Nc3 Qd6 4. d4 c6 5. Nf3 Nf6 6. h3 Bf5 7. Bd3 Bxd3 8. Qxd3 e6 9. O-O Nbd7 10. b3 Qc7 11. Bb2 Be7 12. Rfe1 O-O 13. Ne2 Rad8 14. Ng3 Rfe8 15.
Rad1 a6 16. c4 Bf8 17. Qc3 g6 18. a3 Bg7 19. b4 Qc8 20. Qe3 b5 21. Rc1 Nb6 22.
cxb5 axb5 23. Ne5 Nfd5 24. Qf3 Bxe5 25. dxe5 Nc4 26. Ba1 Rd7 27. Ne4 Ra7 28. Nf6+ Kg7 29. Qg4 Ree7 30. Bd4 Rxa3 31. Bc5 Nxf6 32. exf6+ Kxf6 33.
Qh4+ g5 34. Qh6+ Kf5 35. Bxe7 1-0

[Event "*** Titled Tuesday Blitz"]
[Site "Chess.com"]
[Date "2020.05.05"]
[Round "5"]
[White "Juanovic"]
[Black "joksijoksi"]
[Result "1-0"]
[WhiteElo "2183"]
[BlackElo "2321"]
[TimeControl "180+1"]
[EndTime "10:57:08 PDT"]
[Termination "Juanovic won on time"]

1. e4 c5 2. Nf3 a6 3. g3 b5 4. Bg2 Bb7 5. d3 e6 6. O-O d6 7. Nc3 Be7 8. Re1 Nd7 9. Bf4 Ngf6 10. a4 b4 11. Ne2 O-O 12. h3 a5 13. g4 c4 14. Ng3 e5 15. Bg5 Rc8 16. Nf5 cxd3 17.
Qxd3 Nc5 18. Nxe7+ Qxe7 19. Qb5 Bxe4 20. Qxa5 Bxc2 21.
Qxb4 Nd3 22. Qd2 Nxe1 23. Rxe1 Bxa4 24. Qb4 Bc6 25. Nxe5 Bxg2 26. Ng6 Qxe1+ 27. Qxe1 hxg6 28. Kxg2 Rfe8 29. Qa1 Ne4 30. Be3 Nc5 31. b4 Nd3 32. b5 Rb8 33. Qd4 Nc5 34. Qxd6 Ne4 35. Qd5 Nf6 36.
Qb3 Ne4 37. b6 Nd6 38. Qb4 Nb7 39. Bf4 Rbd8 40. Bc7 Rd7 41. Qb5 Ree7 42. Qc6 Nd8 43. Bxd8 Rxd8 44. b7 Ree8 45. h4 Kh7 46. h5 gxh5 47.
gxh5 Kg8 48. Kg3 Rf8 49. f4 Rfe8 50. Kg4 Rb8 51. Qc7 Rbd8 52. Kg5 Rf8 53. f5 Rfe8 54. h6 gxh6+ 55. Kxh6 Rf8 56. Qe7 Rfe8 57. Qg5+ Kf8 58. f6 Re5 59. Qg7+ 1-0

[Event "*** Titled Tuesday Blitz"]
[Site "Chess.com"]
[Date "2020.05.05"]
[Round "5"]
[White "DonBroca"]
[Black "BikingBrian"]
[Result "1-0"]
[WhiteElo "2124"]
[BlackElo "2287"]
[TimeControl "180+1"]
[EndTime "10:57:08 PDT"]
[Termination "DonBroca won by resignation"]

1. e4 c5 2. Nf3 g6 3. d4 cxd4 4.
Nxd4 Nc6 5. c4 Nf6 6. Be3 Nxe4 7. Bd3 Nf6 8. O-O Bg7 9. Nc3 O-O 10. Be2 d6 11.
Qd2 Ng4 12. Nxc6 bxc6 13. Bg5 Qc7 14. Rac1 Be6 15. Rfd1 Nf6 16. Bf3 Rab8 17. h3 Rfe8 18. b3 Qa5 19. Bxf6 Bxf6 20. Nd5 Qxd2 21. Nxf6+ exf6 22. Rxd2 Rbc8 23. Rxd6 c5 24. Rcd1 Re7 25. Kf1 Kg7 26.
Bd5 Bxd5 27. R1xd5 Rce8 28. g3 Re1+ 29. Kg2 Ra1 30.
Rd2 Ree1 31. Rc6 Rg1+ 32. Kf3 Rac1 33. Rxc5 Rc3+ 34. Ke2 Rh1 35. h4 Rcc1 36. Rc7 Rce1+ 37. Kf3 a5 38. Rdd7 Re5 39. Rxf7+ Kg8 40. Rg7+ Kh8 41. Rxh7+ Kg8 42. Rcg7+ Kf8 43. Ra7 Kg8 44. Rhe7 Rxe7 45. Rxe7 Ra1 46. Re2 Kf7 47. g4 Rc1 48. h5 Rc3+ 49. Ke4 gxh5 50. gxh5 Rh3 51. Kd5 Rxh5+ 52. Kc6 f5 53. Kb6 f4 54. c5 f3 55. Re3 Rf5 56. c6 Rf6 57. Kb7 a4 58. c7 axb3 59. axb3 1-0

[Event "*** Titled Tuesday Blitz"]
[Site "Chess.com"]
[Date "2020.05.05"]
[Round "5"]
[White "hongnhung1234"]
[Black "saraswathii"]
[Result "0-1"]
[WhiteElo "2228"]
[BlackElo "2328"]
[TimeControl "180+1"]
[EndTime "10:57:09 PDT"]
[Termination "saraswathii won on time"]

1. e4 c5 2. Nc3 e6 3. f4 d5 4. Bb5+ Bd7 5. Bxd7+ Qxd7 6. Nf3 Nc6 7. d3 Be7 8. O-O Nf6 9. e5 Ng4 10. Qe1 O-O 11.
Ne2 Nb4 12. Qg3 Nh6 13. Ne1 Nf5 14. Qh3 f6 15. exf6 Bxf6 16. c3 Nc6 17. Ng3 Rae8 18. Nf3 Nxg3 19. Qxg3 Ne7 20. Bd2 Nf5 21. Qg4 Qb5 22.
Ne5 Bxe5 23. fxe5 Qxd3 24. Bh6 Nxh6 25. Rxf8+ Kxf8 26. Qh5 Re7 27. Rf1+ Rf7 28. Re1 Qd2 29. Qh4 Ke8 30. h3 Nf5 31. Qf2 Qxf2+ 32. Kxf2 Ne7+ 33. Ke3 Nc6 34. Kd3 Rf5 35. g4 Rxe5 36. Rf1 d4 37. cxd4 cxd4 38. Rc1 Re3+ 39. Kc4 Rxh3 40. Re1 e5 41. b4 a6 42. a4 Rc3+ 43. Kd5 Re3 44. Rb1 Ne7+ 45. Ke6 d3 46. Rd1 e4 47. g5 Re2 48. g6 Nxg6 49. Rc1 Ne7 50. Rc7 Rf2 51. Rxe7+ Kf8 52. Rd7 g5 0-1

[Event "*** Titled Tuesday Blitz"]
[Site "Chess.com"]
[Date "2020.05.05"]
[Round "5"]
[White "stoleriu"]
[Black "Diego_FloresQ"]
[Result "0-1"]
[WhiteElo "2550"]
[BlackElo "2412"]
[TimeControl "180+1"]
[EndTime "10:57:09 PDT"]
[Termination "Diego_FloresQ won by resignation"]

1. e4 c5 2. Nf3 e6 3. b3 b6 4. Bb2 Bb7 5. d3 Nf6 6. Nbd2 Be7 7. g3 O-O 8. Bg2 d6 9. O-O Nc6 10. Re1 Nd7 11. Qe2 a6 12. Rad1 Qc7 13. Nf1 Rac8 14.
Ne3 Rfe8 15. c3 Bf8 16. d4 Qb8 17. h4 b5 18. h5 h6 19. g4 b4 20. cxb4 cxd4 21.
Nxd4 Nxb4 22. a3 Nc6 23. Nc4 d5 24. exd5 Nxd4 25. Bxd4 Bxd5 26. Bxd5 exd5 27. Ne3 Bxa3 28. Qxa6 Bb4 29. Rf1 Qf4 30. Qd3 Re4 31. Kg2 Rce8 32. Rh1 Bd6 33. Rh3 Rxe3 34. Rxe3 Qxg4+ 35. Kf1 Re4 36.
Rxe4 dxe4 37. Qe2 Qh3+ 38. Ke1 Bb4+ 39. Rd2 Qh1+ 0-1

[Event "*** Titled Tuesday Blitz"]
[Site "Chess.com"]
[Date "2020.05.05"]
[Round "5"]
[White "rynos0411"]
[Black "ChessTraining77"]
[Result "0-1"]
[WhiteElo "2378"]
[BlackElo "2539"]
[TimeControl "180+1"]
[EndTime "10:57:09 PDT"]
[Termination "ChessTraining77 won by resignation"]

1. e4 e5 2. Nf3 Nc6 3. Bb5 a6 4. Bxc6 dxc6 5. O-O Qf6 6. d4 exd4 7. Qxd4 Qxd4 8. Nxd4 Bd7 9. Bf4 O-O-O 10. Nc3 Ne7 11. Rad1 Ng6 12. Bg3 h5 13. h3 h4 14. Bh2 Bb4 15. Nce2 Rhe8 16. f3 c5 17. c3 Ba5 18.
Nb3 Bb6 19. Nd2 Be6 20. b3 c4+ 21. Kh1 cxb3 22. axb3 Rd3 23. Nc4 Bxc4 24. bxc4 Red8 25. Rxd3 Rxd3 26. f4 f6 27. e5 f5 28. Bg1 Bxg1 29.
Kxg1 Nf8 30. Nd4 g6 31. Rf3 Rd1+ 32. Kf2 c5 33. Nb3 Ne6 34. Ke2 Rg1 35. Rf2 Rb1 36. Nd2 Rb2 37. Kd3 a5 38. Rf1 a4 39. Nf3 Nxf4+ 40. Ke3 Nxg2+ 41. Kd3 Nf4+ 42. Ke3 Ne6 43. Nxh4 a3 44. Ra1 a2 45. Nxg6 Rh2 46. Ne7+ Kd7 47. Nxf5 Kc6 48. Ne7+ Kb6 49. Nd5+ Ka5 50. Kd3 Ka4 51. Nb6+ Ka3 52. Nd5 Kb2 53. Rxa2+ Kxa2 54. Ne3 Rxh3 0-1

[Event "*** Titled Tuesday Blitz"]
[Site "Chess.com"]
[Date "2020.05.05"]
[Round "5"]
[White "GiorgianBarbosa"]
[Black "SCIM"]
[Result "0-1"]
[WhiteElo "2367"]
[BlackElo "2528"]
[TimeControl "180+1"]
[EndTime "10:57:09 PDT"]
[Termination "SCIM won by resignation"]

1. c4 Nf6 2. g3 d5 3. Bg2 dxc4 4. Qa4+ Bd7 5. Qxc4 Bc6 6. Nf3 e6 7. O-O Be7 8. Nc3 O-O 9. d4 Nbd7 10. a4 Bd5 11.
Nxd5 exd5 12. Qc2 c6 13. a5 a6 14. Nd2 Re8 15. Rd1 Nf8 16. e4 dxe4 17. Nxe4 Nxe4 18.
Bxe4 Rc8 19. Qb3 Bf6 20. Bf3 Ne6 21. Be3 Nxd4 22. Bxd4 Bxd4 23. Qxb7 Qf6 24. Kg2 g5 25. Ra4 c5 26. h3 Rb8 27. Qc6 Qxc6 28. Bxc6 Re2 29.
Kf3 Rxf2+ 30. Kg4 h6 31. b4 Kg7 32. bxc5 Be5 33. Ra3 Kg6 34. h4 f5+ 0-1

[Event "*** Titled Tuesday Blitz"]
[Site "Chess.com"]
[Date "2020.05.05"]
[Round "5"]
[White "Ceejay271"]
[Black "Mikhail_Golubev"]
[Result "1-0"]
[WhiteElo "2386"]
[BlackElo "2511"]
[TimeControl "180+1"]
[EndTime "10:57:09 PDT"]
[Termination "Ceejay271 won on time"]

1. Nf3 d6 2. d4 Nf6 3. c4 g6 4.
Nc3 Bg7 5. e4 O-O 6. Be2 e5 7.
d5 Qe8 8. h3 Nh5 9. g3 f5 10. Ng5 Nf6 11. Bf3 Na6 12. a3 h6 13.
Ne6 Bxe6 14. dxe6 Qxe6 15. exf5 Qxf5 16. Bxb7 Nc5 17. Bxa8 Nd3+ 18. Ke2 Qxf2+ 19. Kxd3 Nd7 20. Bd5+ Kh7 21. Ne4 Rf3+ 22. Qxf3 Qxf3+ 23. Kc2 Qe2+ 24. Bd2 c6 25. Rae1 Qh5 26. Bxc6 Nb6 27. b3 Qf5 28. Kb2 Qc8 29. Bd5 Nxd5 30. cxd5 Qb7 31. Nc3 Qc7 32.
Re4 Qb6 33. Rhe1 Kg8 34. g4 Qf2 35. R4e2 Qf3 36. Re3 1-0

[Event "*** Titled Tuesday Blitz"]
[Site "Chess.com"]
[Date "2020.05.05"]
[Round "5"]
[White "SaqoChess_Twitch"]
[Black "PavlovDanila"]
[Result "0-1"]
[WhiteElo "2400"]
[BlackElo "2691"]
[TimeControl "180+1"]
[EndTime "10:57:09 PDT"]
[Termination "PavlovDanila won by resignation"]

1. d4 Nf6 2. c4 g6 3. Nc3 Bg7 4. Nf3 d6 5. Bf4 O-O 6. h3 Nc6 7. e3 Nd7 8. Be2 e5 9. Bh2 f5 10.
O-O g5 11. dxe5 dxe5 12. Qd5+ Kh8 13. Rad1 Qe7 14. a3 Rd8 15. Qb5 a6 16. Qb3 Nc5 17. Qc2 e4 18. Nd4 Ne5 19. Nd5 Qf7 20. Bxe5 Bxe5 21.
b4 Ne6 22. Nxe6 Bxe6 23. Qb3 b5 24. a4 Rab8 25. axb5 axb5 26. f3 exf3 27. Rxf3 c6 28. Nc3 Rxd1+ 29. Nxd1 bxc4 30. Qa3 Qd7 31. Qc1 Rxb4 32.
e4 f4 33. Rf2 Bd4 34. Kh2 Bxf2 35. Qc3+ Bd4 36. Qxb4 c5 37. Qb6 Kg7 38. Bf3 c3 39. e5 c2 40. Nf2 c1=Q 41. Qb8 Bxf2 0-1

[Event "*** Titled Tuesday Blitz"]
[Site "Chess.com"]
[Date "2020.05.05"]
[Round "5"]
[White "S-Fazulyanov"]
[Black "UmutErdemGunduz"]
[Result "0-1"]
[WhiteElo "2548"]
[BlackElo "2414"]
[TimeControl "180+1"]
[EndTime "10:57:12 PDT"]
[Termination "UmutErdemGunduz won by checkmate"]

1. e4 e5 2. Nf3 Nc6 3. Nc3 Nf6 4. Bb5 Bb4 5. O-O O-O 6. d3 d6 7. Bg5 Ne7 8. Ne2 c6 9. Ba4 Ng6 10. c3 Ba5 11. b4 Bc7 12. Ng3 h6 13. Be3 d5 14.
Qc2 Nf4 15. Bxf4 exf4 16. Ne2 b5 17. Bb3 Re8 18. exd5 cxd5 19. Ned4 Bd7 20. a4 a6 21. axb5 axb5 22. Qb2 Qe7 23. Rfe1 Qd6 24. h3 g5 25.
Rxa8 Rxa8 26. Ra1 Re8 27. Ra7 Bb6 28. Ra6 h5 29. Nxg5 Re1+ 30. Kh2 f3+ 31. g3 Ng4+ 32. hxg4 hxg4 33. Ngxf3 gxf3 34. Nxf3 Qh6+ 35. Nh4 Qe6 36. Ra8+ Kh7 37. Kg2 Qh3+ 38. Kf3 Bg4+ 39. Kf4 Bc7+ 40.
Kg5 Re5+ 41. Kf6 Re6+ 42. Kxf7 Bh5+ 43. Kf8 Rf6+ 44. Ke7 Qe6# 0-1

[Event "*** Titled Tuesday Blitz"]
[Site "Chess.com"]
[Date "2020.05.05"]
[Round "5"]
[White "grunbergmihai"]
[Black "M1711"]
[Result "1-0"]
[WhiteElo "2396"]
[BlackElo "2527"]
[TimeControl "180+1"]
[EndTime "10:57:12 PDT"]
[Termination "grunbergmihai won on time"]

1. Nf3 d5 2. c4 c6 3. g3 Nf6 4. Bg2 g6 5. O-O Bg7 6. d4 O-O 7. Qb3 Qb6 8. Nc3 Bf5 9. h3 dxc4 10. Qxc4 Ne4 11. Rd1 Nd7 12. Nh4 Be6 13. Qd3 Nxc3 14. bxc3 Rad8 15. Rb1 Qa5 16. Qc2 Nb6 17. Bf4 g5 18. Bc7 gxh4 19. Bxd8 Rxd8 20. gxh4 Qxa2 21. Qxa2 Bxa2 22. Ra1 Bc4 23. Rxa7 Rd7 24. Rb1 Bb5 25. e4 Bh6 26. d5 Rc7 27. e5 Bf8 28. Rb4 Rc8 29.
Rxb7 Nxd5 30. Bxd5 cxd5 31. R4xb5 Rxc3 32. Rxd5 e6 33. Rd8 Kg7 34. Rdd7 Rf3 35. Kg2 Rf5 36. Kg3 h5 37. f4 Kg6 38. Rb8 Kg7 39.
Rdd8 Bc5 40. Rg8+ 1-0

[Event "*** Titled Tuesday Blitz"]
[Site "Chess.com"]
[Date "2020.05.05"]
[Round "5"]
[White "GM_DarwinLaylo"]
[Black "Loiacono_Antonio"]
[Result "1-0"]
[WhiteElo "2529"]
[BlackElo "2370"]
[TimeControl "180+1"]
[EndTime "10:57:12 PDT"]
[Termination "GM_DarwinLaylo won on time"]

1. c4 c6 2. Nc3 d5 3. e3 Nf6 4. Nf3 e6 5. Qc2 Nbd7 6. b3 b6 7. Bb2 Bb7 8. Be2 Bd6 9. g4 h6 10. Rg1 Qe7 11. h4 a6 12. g5 hxg5 13. hxg5 Nh5 14. O-O-O dxc4 15. bxc4 O-O-O 16. Ne4 Bc7 17. d4 c5 18. d5 exd5 19. cxd5 Bd6 20. g6 fxg6 21.
Rxg6 Nhf6 22. Nxd6+ Qxd6 23. Ng5 Ne5 24. Rxg7 Rhe8 25. Ne6 Rd7 26. f4 Bxd5 27. fxe5 Qxe6 28. exf6 Rxg7 29. fxg7 Qxe3+ 30. Rd2 Be4 31. Qc3 Qg1+ 32. Bd1 Rg8 33. Qf6 1-0

[Event "*** Titled Tuesday Blitz"]
[Site "Chess.com"]
[Date "2020.05.05"]
[Round "5"]
[White "StegariuVlad"]
[Black "MattyDPerrine"]
[Result "1-0"]
[WhiteElo "2518"]
[BlackElo "2362"]
[TimeControl "180+1"]
[EndTime "10:57:12 PDT"]
[Termination "StegariuVlad won on time"]

1. e4 c5 2. Nf3 a6 3. d4 cxd4 4.
Nxd4 Nf6 5. Bd3 e5 6. Ne2 d5 7. exd5 e4 8. Bc4 b5 9. Bb3 Bb7 10. Bg5 Be7 11. Nbc3 b4 12. Bxf6 Bxf6 13. Nxe4 Bxb2 14.
Rb1 Be5 15. Nc5 O-O 16. Nxb7 Qb6 17. c4 Qxb7 18. c5 Qb5 19. Qc2 Nd7 20. c6 Nb6 21.
O-O Nxd5 22. Bxd5 Qxd5 23. Rxb4 Rac8 24. Rc4 Rc7 25. Rd1 Qe6 26. Rc1 Rfc8 27. g3 Qf6 28.
Qe4 g6 29. R1c2 Qd6 30. Kg2 f5 31. Qf3 Kg7 32. h4 h5 33. Nc1 Bf6 34. Nd3 Kh7 35. Nf4 Rd8 36. a4 Be5 37. Ne2 Kg7 38. Nc1 Rdc8 39. Nb3 Rb8 40. Nc5 1-0

[Event "*** Titled Tuesday Blitz"]
[Site "Chess.com"]
[Date "2020.05.05"]
[Round "5"]
[White "amiralfio"]
[Black "wanyaland"]
[Result "0-1"]
[WhiteElo "2457"]
[BlackElo "2304"]
[TimeControl "180+1"]
[EndTime "10:57:12 PDT"]
[Termination "wanyaland won on time"]

1. d4 d5 2. Bf4 e6 3. e3 Bd6 4.
Bg3 Nf6 5. Nd2 b6 6. c3 O-O 7. Ngf3 c5 8. Ne5 Qc7 9. f4 Ba6 10. Bxa6 Nxa6 11. Qa4 Nb8 12. O-O Rc8 13. f5 Nc6 14. fxe6 fxe6 15. Ndf3 Ne4 16. Bf4 Bxe5 17. Nxe5 Nxe5 18. Bxe5 Qe7 19. Rf4 Rf8 20. Raf1 Rxf4 21. Rxf4 Rf8 22. Qc6 Rxf4 23. Bxf4 h6 24. a4 Kh7 25.
Qc7 Qh4 26. Bg3 Qg4 27. Qf4 Qe2 28. h4 Qxb2 29. c4 Qc1+ 30. Kh2 Qxc4 31. h5 Qe2 32. Qh4 Qxe3 33. Be5 Qg5 34. Qe1 Qxh5+ 35. Kg1 c4 36. Qf1 Qf5 37. Qc1 c3 38. Kh1 Qf2 39. Kh2 c2 40. Qa3 Qd2 0-1

[Event "*** Titled Tuesday Blitz"]
[Site "Chess.com"]
[Date "2020.05.05"]
[Round "5"]
[White "124chess"]
[Black "lIlIlIlI_lIl"]
[Result "1-0"]
[WhiteElo "2735"]
[BlackElo "2566"]
[TimeControl "180+1"]
[EndTime "10:57:13 PDT"]
[Termination "124chess won on time"]

1. e4 c5 2. Be2 e6 3. f4 d5 4. d3 Nc6 5. Nf3 Nf6 6. e5 Nd7 7. O-O Be7 8. c3 h5 9. d4 g6 10. Be3 Rb8 11. a3 b5 12. b4 cxd4 13.
Nxd4 Nxd4 14. Bxd4 a6 15. a4 bxa4 16. Qxa4 Kf8 17.
Nd2 Nb6 18. Qa5 h4 19. Nb3 Nc4 20. Qxd8+ Bxd8 21. Bxc4 dxc4 22. Nd2 h3 23. g3 a5 24.
bxa5 Rb2 25. Nxc4 Rg2+ 26. Kh1 Bb7 27. a6 Bd5 28. Ne3 Bc6 29. Nxg2 hxg2+ 30. Kg1 gxf1=Q+ 31. Rxf1 Be7 32. Rb1 Kg7 33. a7 Rd8 34. Rb8 1-0

[Event "*** Titled Tuesday Blitz"]
[Site "Chess.com"]
[Date "2020.05.05"]
[Round "5"]
[White "doons21"]
[Black "diskeleven"]
[Result "1/2-1/2"]
[WhiteElo "2604"]
[BlackElo "2360"]
[TimeControl "180+1"]
[EndTime "10:57:13 PDT"]
[Termination "Game drawn - insufficient material"]

1. e4 c5 2. c3 e6 3. d4 d5 4. e5 Qb6 5. Nf3 Bd7 6. Be2 cxd4 7. cxd4 Bb5 8. O-O Bxe2 9. Qxe2 Nc6 10. Nc3 Nge7 11.
Be3 Nf5 12. Rac1 Be7 13. a3 O-O 14. Na4 Qc7 15. b4 Qd7 16. Nc5 Bxc5 17. Rxc5 b6 18. Rc3 Nxe3 19. Qxe3 a5 20. b5 Ne7 21. a4 Rac8 22.
Rfc1 Rxc3 23. Rxc3 Rc8 24. Qc1 h6 25. g4 Rxc3 26.
Qxc3 Qc8 27. Qxc8+ Nxc8 28. Ne1 Ne7 29. Nd3 g5 30. f4 Ng6 31. fxg5 hxg5 32. Kf2 Kg7 33. Ke3 f6 34. h3 f5 35. gxf5 exf5 36. Kf3 Kf7 37. Nc1 Nh4+ 38. Kg3 Kg6 39. Ne2 Kh5 40.
Nc3 f4+ 41. Kf2 Nf5 42. Nxd5 Nxd4 43. Nxb6 Kg6 44. Nc4 Kf5 45. Nxa5 Kxe5 46. Nc6+ Nxc6 47. bxc6 Kd6 48. Kf3 Kxc6 49. h4 gxh4 50. Kxf4 Kb6 51. Kg4 Ka5 52. Kxh4 Kxa4 1/2-1/2

[Event "*** Titled Tuesday Blitz"]
[Site "Chess.com"]
[Date "2020.05.05"]
[Round "5"]
[White "BasilSmash"]
[Black "Abund"]
[Result "1-0"]
[WhiteElo "2442"]
[BlackElo "2627"]
[TimeControl "180+1"]
[EndTime "10:57:13 PDT"]
[Termination "BasilSmash won on time"]

1. d4 Nf6 2. Nf3 g6 3. g3 Bg7 4. Bg2 O-O 5. O-O d5 6. c4 dxc4 7. Na3 c3 8. bxc3 c5 9. Re1 Nd5 10. Bb2 cxd4 11. cxd4 Nc6 12. e4 Nb6 13. Rb1 Bg4 14. d5 Ne5 15. Qb3 Nxf3+ 16. Bxf3 Bxb2 17. Rxb2 Bxf3 18. Qxf3 Rc8 19. h4 Qd7 20. h5 Nc4 21. Nxc4 Rxc4 22. h6 Rfc8 23. Kg2 b6 24. e5 Rd4 25.
Rd1 Rxd1 26. Qxd1 Qf5 27. Re2 Rd8 28. d6 Qe6 29. Qd4 f6 30. exf6 Qxe2 31. fxe7 Kf7 32.
exd8=Q Qe4+ 33. Qxe4 1-0

[Event "*** Titled Tuesday Blitz"]
[Site "Chess.com"]
[Date "2020.05.05"]
[Round "5"]
[White "CSB7"]
[Black "Aureliano-Buendia"]
[Result "0-1"]
[WhiteElo "2532"]
[BlackElo "2403"]
[TimeControl "180+1"]
[EndTime "10:57:13 PDT"]
[Termination "Aureliano-Buendia won by resignation"]

1. e4 e5 2. Nf3 Nc6 3. Bc4 Bc5 4.
O-O Nf6 5. d3 O-O 6. c3 a6 7.
Re1 d5 8. exd5 Nxd5 9. Nxe5 Nxe5 10. Rxe5 Bxf2+ 11. Kxf2 Qf6+ 12. Qf3 Qxe5 13. Bxd5 c6 14. Bb3 Qxh2 15. Bf4 Qh4+ 16. Bg3 Qh6 17. Bf4 Qh4+ 18. g3 Qh2+ 19. Qg2 Qh5 20. Nd2 Bf5 21.
Rh1 Qg6 22. Nf3 Be6 23. Bxe6 Qxe6 24. Ng5 Qxa2 25. Qh3 Qxb2+ 26. Kf3 h6 27. Ne4 f5 28.
Nf2 Qxc3 29. Bxh6 gxh6 30. Qxh6 Qg7 31. Qe6+ Qf7 32. Qh6 Qg7 33. Qe6+ Rf7 34. Rh6 Kf8 35. Rg6 Re7 36. Qd6 Qe5 37. Qb4 Qd5+ 38. Kf4 Re8 39. Qb2 Re5 40. Kg5 f4+ 41. Kxf4 Qf7+ 0-1

[Event "*** Titled Tuesday Blitz"]
[Site "Chess.com"]
[Date "2020.05.05"]
[Round "5"]
[White "Jaka_Brilej"]
[Black "ilya261991"]
[Result "1-0"]
[WhiteElo "2373"]
[BlackElo "2516"]
[TimeControl "180+1"]
[EndTime "10:57:13 PDT"]
[Termination "Jaka_Brilej won by resignation"]

1. e4 d6 2. d4 Nf6 3. Nc3 e5 4. Nge2 d5 5. dxe5 Nxe4 6. Qxd5 Nxc3 7. Qxd8+ Kxd8 8. Nxc3 Nc6 9. Bg5+ Ke8 10. O-O-O Be6 11.
f4 a6 12. Bd3 h6 13. Bh4 g6 14. Ne4 Bg7 15. Nf6+ Bxf6 16. Bxf6 Rg8 17. Be4 Rb8 18.
Bxc6+ bxc6 19. Rd2 Bd5 20. Rhd1 Rb4 21. b3 Kd7 22. c4 Ke6 23. cxd5+ cxd5 24. Rd4 Rb5 25. Kb2 c6 26. Rc1 Rb6 27. Rd2 Rc8 28. Rdc2 Kf5 29. g3 g5 30. fxg5 hxg5 31. Rf1+ Kg6 32. Be7 Rb7 33.
Rf6+ Kg7 34. Bc5 Rd7 35. Rcf2 Re8 36. R2f5 Re6 37. Rxg5+ Kh7 38. Rxe6 fxe6 39. Bd6 Rf7 40. Rh5+ Kg7 41. Rh4 Rf2+ 42. Kb1 Rf1+ 43. Kb2 Rf2+ 44.
Ka3 Kg6 45. Kb4 Rxa2 46. Kc5 Rc2+ 47. Kb6 Kf5 48. Kxa6 c5 49. Kb5 d4 50. Rf4+ Kg5 51. Bxc5 d3 52. Rd4 d2 53. Bb4 Kf5 54. Rxd2 1-0

[Event "*** Titled Tuesday Blitz"]
[Site "Chess.com"]
[Date "2020.05.05"]
[Round "5"]
[White "czasnaszachy"]
[Black "picturesquecheck"]
[Result "0-1"]
[WhiteElo "2286"]
[BlackElo "2087"]
[TimeControl "180+1"]
[EndTime "10:57:13 PDT"]
[Termination "picturesquecheck won on time"]

1. d4 Nf6 2. c4 e6 3. Nc3 d5 4. Nf3 dxc4 5. e3 a6 6. Bxc4 b5 7. Be2 c5 8. O-O Bb7 9. b3 Be7 10. Bb2 O-O 11. Qc2 Nbd7 12. Rac1 Rc8 13. Qb1 Qb6 14.
Rfd1 Rfd8 15. dxc5 Nxc5 16. Rxd8+ Rxd8 17. Nd4 g6 18. Bf3 e5 19. Bxb7 Qxb7 20. Nf3 e4 21. Nd4 Nd3 22. Rc2 Nxb2 23. Qxb2 Ng4 24. Nce2 Bf6 25. h3 Ne5 26. Qc3 Bg7 27. Qc7 Qxc7 28. Rxc7 f5 29. Ra7 Rd6 30. Nf4 Nd3 31. Nfe6 Bxd4 32. Nxd4 f4 33.
Nc2 Nc1 34. Nb4 Rd1+ 35. Kh2 Rd2 36. Rxa6 Rxf2 37. exf4 e3 38. Re6 e2 39. Nc2 Rxf4 40. Kg3 Rf1 0-1

[Event "*** Titled Tuesday Blitz"]
[Site "Chess.com"]
[Date "2020.05.05"]
[Round "5"]
[White "Igor_Lysyj"]
[Black "GOGIEFF"]
[Result "0-1"]
[WhiteElo "2772"]
[BlackElo "3002"]
[TimeControl "180+1"]
[EndTime "10:57:14 PDT"]
[Termination "GOGIEFF won by resignation"]

1. d4 Nf6 2. c4 e6 3. Nf3 d5 4. g3 Bb4+ 5. Bd2 Be7 6. Bg2 O-O 7. O-O Nbd7 8. Qc2 c6 9. a3 b6 10.
cxd5 cxd5 11. Rc1 Bb7 12. Qd1 Ne4 13. Bb4 Nd6 14. Nbd2 a5 15. Bxd6 Bxd6 16. e3 b5 17.
Bf1 Qb6 18. Qb3 b4 19. a4 Rac8 20. Qd3 Rxc1 21. Rxc1 Bc6 22. Qa6 Bb7 23. Qb5 Rd8 24. Nb3 Bc7 25. Qxb6 Bxb6 26. Bb5 f6 27. Ne1 Nb8 28.
Nd3 Kf7 29. Ndc5 Bc8 30. Bd3 h6 31. h4 Ke7 32. Bb5 e5 33. Nd3 Kd6 34. f4 exf4 35.
Nxf4 Bd7 36. Bxd7 Nxd7 37. h5 f5 38. Nd2 Re8 39. Kf2 Nf6 40. Nf3 Ng4+ 41. Kg1 Rxe3 42. Kg2 Rb3 43. Nh4 Rxb2+ 44. Kf1 Ne3+ 45. Ke1 Bxd4 46.
Nd3 Bc3+ 47. Rxc3 bxc3 0-1

[Event "*** Titled Tuesday Blitz"]
[Site "Chess.com"]
[Date "2020.05.05"]
[Round "5"]
[White "ENEASZ"]
[Black "Zurability"]
[Result "1-0"]
[WhiteElo "2507"]
[BlackElo "2680"]
[TimeControl "180+1"]
[EndTime "10:57:14 PDT"]
[Termination "ENEASZ won on time"]

1. e4 e5 2. Nf3 Nc6 3. Bc4 Nf6 4. d3 Bc5 5. O-O d6 6. c3 a6 7. Bb3 Ba7 8. Nbd2 O-O 9. h3 Re8 10. Re1 Be6 11. Nf1 Qd7 12. Be3 Bxe3 13. Nxe3 d5 14. Ng5 Rad8 15. exd5 Bxd5 16. Nxd5 Nxd5 17. Qf3 h6 18. Ne4 b6 19. Rad1 Na5 20. Bc2 Nc6 21.
Ba4 b5 22. Bb3 b4 23. Ba4 bxc3 24. bxc3 Qe6 25. Nc5 Qg6 26. d4 e4 27. Nxe4 Re6 28.
Nc5 Rxe1+ 29. Rxe1 Nce7 30. Bb3 Qd6 31. Nb7 Qd7 32.
Nxd8 Qxd8 33. g3 Nf6 34. Kg2 Ned5 35. Re5 Nb6 36. Qe2 Kf8 37. Qxa6 Nbd7 38. Qa3+ Kg8 39.
Re7 1-0